 Dungeon Crawl Stone Soup version 0.30-a0-322-g102857c98e (webtiles) character file.

Game seed: 14443384860909122347

73 porpoise the Poker (level 4, -1/35 HPs)
             Began as a Demonspawn Gladiator on Oct 28, 2022.
             Killed from afar by an orc wizard (4 damage)
             ... with a puff of flame
             ... on level 3 of the Dungeon.
             The game lasted 00:06:13 (1589 turns).

porpoise the Poker (Demonspawn Gladiator)           Turns: 1589, Time: 00:06:14

Health: -1/35      AC:  4    Str: 17    XL:     4   Next: 8%
Magic:  4/4        EV: 12    Int: 15    God:
Gold:   206        SH:  0    Dex: 14    Spells: 3/3 levels left

rFire   . . .      SeeInvis .    a - +0 trident
rCold   . . .      Faith    .    (no shield)
rNeg    . . .      Spirit   .    m - +0 leather armour
rPois   .          Reflect  .    c - +0 helmet
rElec   .          Harm     .    (no cloak)
rCorr   .          Rampage  .    (no gloves)
Will    .....                    (no boots)
Stlth   +.........               (no amulet)
HPRegen 0.25/turn                i - +6 ring of intelligence
MPRegen 0.09/turn                (no ring)

@: no status effects
A: claws 1, demonic magic 1
a: no special abilities


You were on level 3 of the Dungeon.
You visited 1 branch of the dungeon, and saw 3 of its levels.

You collected 206 gold pieces.

Inventory:

Hand Weapons
 a - a +0 trident (weapon)
 b - a +1 shortbow of freezing
Missiles
 d - 3 throwing nets (quivered)
 e - a javelin
 o - 4 poisoned darts
Armour
 c - a +0 helmet (worn)
 m - a +0 leather armour (worn)
Magical Staves
 j - a staff of conjuration
Jewellery
 i - a +6 ring of intelligence (left claw)
 k - a ring of flight
Scrolls
 l - a scroll of teleportation {unknown}
 n - a scroll of silence {unknown}
 p - a scroll of enchant armour {unknown}
Potions
 f - 3 potions of mutation
 g - a potion of might
 h - 2 potions of haste


   Skills:
 + Level 3.0 Fighting
 * Level 4.0 Polearms
 - Level 1.7 Throwing
 - Level 2.6 Dodging


You had 3 spell levels left.
You didn't know any spells.
Your spell library contained the following spells:

 Spells                   Type           Power      Damage    Failure   Level
 Apportation              Tloc           0%         N/A       32%         1
 Cigotuvi's Dreadful Rot  Necr/Pois/Air  0%         N/A       45%         2
 Dispel Undead            Necr           0%         3d6       97%         4
 Alistair's Intoxication  Tmut/Pois      0%         N/A       100%        5
 Death Channel            Necr           0%         N/A       100%        6


Dungeon Overview and Level Annotations

Branches:
Dungeon (3/15)

Altars:

Shops:
D:2 *


Innate Abilities, Weirdness & Mutations

You have sharp fingernails.
Spells you cast may paralyse adjacent enemies.


Message History

The orc wizard hits you but does no damage.
The orc priest looks braver for a moment.
You puncture the orc wizard! Your claw misses the orc wizard.
The orc wizard is severely wounded.
A bat comes into view.
The orc wizard hits you with a +0 dagger.
You hit the orc wizard.
The orc wizard is almost dead.
The orc wizard hits you but does no damage.
The orc priest calls upon Beogh to heal the orc wizard.
The orc wizard is healed somewhat.
The orc priest miscasts a cantrip.
You hit the orc wizard.
The orc wizard is almost dead.
The orc wizard hits you with a +0 dagger.
The orc wizard casts a spell at you. The magic dart hits you.
* * * LOW HITPOINT WARNING * * *
You hit the orc wizard but do no damage.
The orc wizard is almost dead.
The orc wizard closely misses you.
You closely miss the orc wizard.
The orc wizard is almost dead.
The orc wizard closely misses you.
The orc priest calls upon Beogh to heal the orc wizard.
The orc wizard is healed somewhat.
You barely miss the orc wizard. Your claw misses the orc wizard.
The orc wizard is heavily wounded.
The orc wizard misses you.
You closely miss the orc wizard.
The orc wizard is heavily wounded.
The orc wizard closely misses you.
The orc priest mumbles some strange prayers to Beogh against you.
Beogh smites you!
* * * LOW HITPOINT WARNING * * *
You closely miss the orc wizard.
The orc wizard is heavily wounded.
The orc wizard gestures at you while chanting.
The puff of flame hits you.
You die...

## .. #####
.####
##...##b.....
#<.8.@oo8..#
##...##go....
##### o....
.... ... .[ .


You could see 2 orc priests, an orc wizard, an orc, a goblin and a bat.

Vanquished Creatures
  2 adders (D:2)
  2 dart slugs
  An endoplasm (D:2)
  3 hobgoblins
  18 jackals (D:1)
  4 ball pythons (D:1)
  4 bats (D:1)
  3 frilled lizards
  3 goblins (D:1)
  2 kobolds
  4 rats
46 creatures vanquished.

Vanquished Creatures (others)
  A fungus (D:2)
  6 toadstools (D:2)
7 creatures vanquished.

Grand Total: 53 creatures vanquished

Notes
Turn   | Place    | Note
-------+----------+-------------------------------------------
     0 | D:1      | porpoise the Demonspawn Gladiator began the quest for the
                  | Orb.
     0 | D:1      | Reached XP level 1. HP: 16/16 MP: 1/1
   237 | D:1      | Reached skill level 3 in Polearms
   243 | D:1      | Gained mutation: You have sharp fingernails. [demonic
                  | ancestry]
   243 | D:1      | Reached XP level 2. HP: 22/22 MP: 2/2
   417 | D:1      | Gained mutation: Spells you cast may paralyse adjacent
                  | enemies. [demonic ancestry]
   417 | D:1      | Reached XP level 3. HP: 23/28 MP: 3/3
  1052 | D:2      | Reached skill level 4 in Polearms
  1052 | D:2      | Reached XP level 4. HP: 22/34 MP: 4/4
  1203 | D:2      | Found Dyoppop's General Store.
  1589 | D:3      | Killed from afar by an orc wizard

Illustrated notes

Levels and vault maps discovered:
D:1:      nagdon_arrival_double_spiral, layout_loops_ring, st_stairs_4
D:2:      layout_basic, serial_shops, nicolae_shop_waterfront,
          minmay_gold_behind_fungi
D:3:      layout_basic, grunt_ministairs_4

Skill      XL: |  1  2  3  4 |
---------------+-------------+-----
Polearms       | 3 4 |  4.0
Fighting       | 3 |  3.0
Throwing       | |  1.7
Dodging        | |  2.6

Action                   |  1- 3 |  4- 6 || total
-------------------------+-------+-------++-------
Melee: Trident           |   149 |    18 ||   167
 Fire: Shortbow          |       |     2 ||     2
  Use: Scroll            |       |     3 ||     3
 Stab: Sleeping          |     1 |     1 ||     2
Armor: Leather armour    |    34 |     2 ||    36
Dodge: Dodged            |    90 |     7 ||    97

Table legend: (Time is in decaauts)
 A = Elapsed time spent in this place.
 B = Non-inter-level travel time spent in this place.
 C = Inter-level travel time spent in this place.
 D = Time resting spent in this place.
 E = Time spent auto-exploring this place.
 F = Levels seen in this place.
 G = Mean time per level.
                   A        B        C        D        E       F      G
               +--------+--------+--------+--------+--------+-----+--------+
         Total |   1608 |   1563 |     45 |    356 |    835 |   3 |  536.0 |
       Dungeon |   1608 |   1563 |     45 |    356 |    835 |   3 |  536.0 |
               +--------+--------+--------+--------+--------+-----+--------+

Top non-repeatable levels by time:
     D:1: 885 daAuts
     D:2: 698 daAuts
     D:3: 25 daAuts
